 Dungeon Crawl Stone Soup version 0.31.0-11-ge490571c62 (webtiles) character file.

Game seed: 12872358382024482659

278 qw the Shooter (level 6, -1/30 HPs)
             Began as a Spriggan Hunter on Feb 3, 2024.
             Incinerated by a bombardier beetle (4 damage)
             ... with a burning spray
             ... on level 4 of the Dungeon.
             The game lasted 00:00:10 (2309 turns).

qw the Shooter (Spriggan Hunter)                    Turns: 2309, Time: 00:00:10

Health: -1/30      AC:  2    Str:  7    XL:     6   Next: 5%
Magic:  7/7        EV: 21    Int: 11    God:
Gold:   212        SH:  0    Dex: 20    Spells: 5/5 levels left

rFire   . . .        a - +0 shortbow
rCold   . . .        (shield currently unavailable)
rNeg    . . .        c - +0 robe
rPois   .            (helmet restricted)
rElec   .            (no cloak)
rCorr   .            (gloves unavailable)
SInv    +            (boots unavailable)
Will    +....        (no amulet)
Stlth   +            (no ring)
HPRegen 0.25/turn    (no ring)
MPRegen 0.10/turn

%: no passive effects
@: on fire, about to teleport, glowing, very quick
A: very small, no large weapons, unfitting armour, see invisible, speed 3
a: no special abilities


You were on level 4 of the Dungeon.
You visited 1 branch of the dungeon, and saw 4 of its levels.

You collected 212 gold pieces.


Innate Abilities, Weirdness & Mutations

You are very small and have problems with some larger weapons.
You are too small for most types of armour.
You have supernaturally acute eyesight. (SInv)
You cover ground extremely quickly. (Speed+++)


   Skills:
 - Level 2.0 Fighting
 - Level 6.0 Ranged Weapons
 + Level 5.7 Dodging
 - Level 1.5 Stealth


You had 5 spell levels left.
You didn't know any spells.
Your spell library was empty.

Inventory:

Hand Weapons
 a - a +0 shortbow (weapon)
Armour
 c - a +0 robe (worn)
Scrolls
 m - a scroll of poison {unknown}
Potions
 d - 2 potions of curing
 e - a potion of mutation
 f - a potion of lignification {unknown}
 g - a potion of might {unknown}
 h - a potion of degeneration {unknown}
 i - a potion of enlightenment {unknown}
 k - a potion of haste {unknown}
 l - a potion of ambrosia {unknown}

Dungeon Overview and Level Annotations

Branches:
Dungeon (4/15)
 Temple: D:4-7

Altars:
Dithmenos
Trog
Vehumet

Shops:
D:1 (


Message History

The burning spray hits you.
You are covered in liquid fire!
You shoot an arrow.
The arrow hits the bombardier beetle but does no damage.
The bombardier beetle is almost dead.
The liquid fire burns you!
You shoot an arrow. The arrow hits the bombardier beetle.
The bombardier beetle is almost dead.
The liquid fire burns you!
You shoot an arrow.
The arrow barely misses the bombardier beetle.
The liquid fire burns you!
The bombardier beetle sprays incendiary fluid at you.
The burning spray hits you.
You are even more covered in liquid fire!
You shoot an arrow.
The arrow hits the bombardier beetle but does no damage.
The bombardier beetle is almost dead.
The liquid fire burns you!
You shoot an arrow.
The arrow barely misses the bombardier beetle.
The liquid fire burns you!
The bombardier beetle sprays incendiary fluid at you.
The burning spray hits you.
You are even more covered in liquid fire!
2306 ||| READING scroll of teleportation.
As you read the scroll of teleportation, it crumbles to dust.
You feel strangely unstable. The liquid fire burns you!
2307 ||| DRINKING potion of heal wounds.
You feel much better. The liquid fire burns you!
You shoot an arrow.
The arrow hits the bombardier beetle but does no damage.
The bombardier beetle is almost dead.
The liquid fire burns you!
You shoot an arrow.
The arrow closely misses the bombardier beetle.
The liquid fire burns you!
You die...

#### ###.. ####### #
.... ... #.....# # ..##
. #.###.# # ..# ..
########...#.# ..#
#.######.......##.#.###
..#
##..............##.#....
..#
...................#####
.# ...%.....######....#
[.....B@..# ###....#####
........#.# #...........
........#.# #.#.....####
........#.###.#.....##
..............#........
........##.####)...####
........##..# #....#
........###.###....#
#........#


You could see a bombardier beetle.

Vanquished Creatures
  A hound (D:4)
  Jessica (D:2)
  Terence (D:3)
  Natasha (twice) (D:3)
  6 adders
  2 adder skeletons (D:3)
  2 dart slugs
  2 ribbon worms
  3 orcs
  5 bats
  7 endoplasms
  A giant cockroach (D:1)
  5 goblins
  10 hobgoblins
  A jackal (D:3)
  2 kobolds
  5 quokkas
  8 ball pythons
  A ball python skeleton (D:3)
  A ball python zombie (D:3)
  2 frilled lizards
  A quokka skeleton (D:3)
  8 rats
77 creatures vanquished.

Notes
Turn   | Place    | Note
-------+----------+-------------------------------------------
     0 | D:1      | qw the Spriggan Hunter began the quest for the Orb.
     0 | D:1      | Reached XP level 1. HP: 10/10 MP: 2/2
     0 | D:1      | 0 ||| qw: Version: 0.3-a-157-g843a77d
     0 | D:1      | 0 ||| qw: Game counter: 3886
     0 | D:1      | 0 ||| qw: Melee chars always use a shield: true
     0 | D:1      | 0 ||| qw: God list: Okawaru
     0 | D:1      | 0 ||| qw: Allow faded altars: false
     0 | D:1      | 0 ||| qw: Do Orc after clearing Dungeon:15 true
     0 | D:1      | 0 ||| qw: Do second Lair branch before Depths: true
     0 | D:1      | 0 ||| qw: Lair rune preference: random
     0 | D:1      | 0 ||| qw: Goals: Normal
     0 | D:1      | 0 ||| PLANNING D:1-11
    41 | D:1      | Reached skill level 3 in Dodging
   104 | D:1      | Reached XP level 2. HP: 14/14 MP: 3/3
   345 | D:1      | Found Araraome's Weapon Emporium.
   474 | D:1      | 474 ||| READING scroll labelled SEASUMI GETU.
   477 | D:1      | 477 ||| READING scroll labelled OFUNOXTYPP.
   478 | D:1      | 478 ||| READING scroll labelled ILIRATH JAUQI.
   479 | D:1      | 479 ||| DRINKING 2 lumpy yellow potions.
   480 | D:1      | 480 ||| DROPPING scroll of butterflies.
   515 | D:2      | 515 ||| STAIRDANCE
   634 | D:2      | Reached XP level 3. HP: 18/18 MP: 4/4
   667 | D:2      | Noticed Jessica
   669 | D:2      | Killed Jessica
   699 | D:2      | Reached skill level 5 in Ranged Weapons
   751 | D:2      | Reached XP level 4. HP: 22/22 MP: 5/5
   862 | D:2      | Found a bloodstained altar of Trog.
   895 | D:2      | 895 ||| FLEEEEING.
   896 | D:2      | 896 ||| FLEEEEING.
   897 | D:2      | 897 ||| FLEEEEING.
   898 | D:2      | 898 ||| FLEEEEING.
   899 | D:2      | 899 ||| FLEEEEING.
   900 | D:2      | 900 ||| FLEEEEING.
   901 | D:2      | 901 ||| FLEEEEING.
   902 | D:2      | 902 ||| FLEEEEING.
  1294 | D:2      | 1294 ||| READING scroll labelled OKKOAL HAYMEO.
  1294 | D:2      | 1294 ||| IDENTIFYING glowing golden potion
  1427 | D:3      | Found a radiant altar of Vehumet.
  1450 | D:3      | Found a shadowy altar of Dithmenos.
  1614 | D:3      | Noticed Terence
  1622 | D:3      | Killed Terence
  1623 | D:3      | Reached XP level 5. HP: 26/26 MP: 6/6
  1817 | D:3      | Noticed Natasha
  1822 | D:3      | Killed Natasha
  1883 | D:3      | Noticed Natasha
  1895 | D:3      | Killed Natasha
  1965 | D:3      | 1965 ||| READING scroll of identify.
  1965 | D:3      | 1965 ||| IDENTIFYING glowing cyan potion
  1992 | D:4      | 1992 ||| PLANNING SEWER
  2061 | D:4      | Reached skill level 6 in Ranged Weapons
  2294 | D:4      | Reached XP level 6. HP: 30/30 MP: 7/7
  2305 | D:4      | HP: 7/30 [burnt (5)]
  2306 | D:4      | 2306 ||| READING scroll of teleportation.
  2306 | D:4      | HP: 2/30 [burnt (5)]
  2307 | D:4      | 2307 ||| DRINKING potion of heal wounds.
  2309 | D:4      | Incinerated by a bombardier beetle

Levels and vault maps discovered:
D:1:      roderic_chinese_lattice_arrival, layout_rooms, serial_shops,
          nicolae_shop_real_fake_doors, moated_statue
D:2:      layout_loops_corners, basic_altar, st_stairs_6,
          chequers_serial_rivers_large_a, chequers_decorated_corner,
          uniq_jessica
D:3:      layout_rooms, general_overflow_altar, nicolae_vehumet_altar_sigil,
          serial_undead, serial_undead_f, serial_undead_e, serial_undead_f,
          serial_undead_b, serial_undead_c, grunt_ministairs_2,
          columned_hall_lemuel, chequers_serial_rivers_micro_d,
          kennysheep_generic_room_13, uniq_natasha, uniq_terence
D:4:      layout_basic, nicolae_ru_path_of_blood, cheibrodos_sewer_entry_bend

Skill      XL: |  1  2  3  4  5 |
---------------+----------------+-----
Dodging        | 3 4 5 |  5.7
Ranged Weapons | 5 6 |  6.0
Fighting       | 2 |  2.0
Stealth        | |  1.5

Action                     |  1- 3 |  4- 6 || total
---------------------------+-------+-------++-------
   Fire: Shortbow          |    75 |   172 ||   247
    Use: Scroll            |     3 |     3 ||     6
         Potion            |     1 |     1 ||     2
 Armour: Robe              |     9 |    18 ||    27
  Dodge: Dodged            |    12 |    45 ||    57

Table legend:
 A = Non-vault XP
 B = Vault XP
 C = Vault XP percentage of total XP
 D = Non-vault monster count
 E = Vault monster count
 F = Vault count percentage of total count
                 A         B        C        D         E       F
            +---------+---------+-------+---------+---------+-------
      Total |     270 |     128 |  32.2 |      65 |      12 |  15.6
            +---------+---------+-------+---------+---------+-------
        D:1 |      33 |       0 |   0.0 |      18 |       0 |   0.0
        D:2 |      66 |      39 |  37.1 |      24 |       2 |   7.7
        D:3 |      78 |      89 |  53.3 |      12 |      10 |  45.5
        D:4 |      93 |       0 |   0.0 |      11 |       0 |   0.0
            +---------+---------+-------+---------+---------+-------
